[Event "Titled Tuesday Blitz July 4 Late 2023"]
[White "Oparin, Grigoriy"]
[Black "Janturin, Artur"]
[WhiteFideId "24125890"]
[BlackFideId "4130022"]
[WhiteElo "2940"]
[BlackElo "2589"]
[Result "1-0"]
[Round "10"]
[TimeControl "180+2"]
[Date "2023.07.04"]
[WhiteClock "0:00:46"]
[BlackClock "0:00:00"]
[Board "17"]

1. Nf3 e6 2. g3 b6 3. Bg2 Bb7 4. d4 f5 5. c4 Nf6 6. O-O Bd6 7. Nc3 O-O 8. d5 Na6 9. Nd4 Nc5 10. Qc2 a5 11. Rd1 Qe7 12. Ndb5 Be5 13. Be3 d6 14. Bxc5 bxc5 15. e3 exd5 16. cxd5 g5 17. Qxf5 Kh8 18. Qxg5 Rg8 19. Qf5 Raf8 20. Qd3 Bc8 21. f4 Ng4 22. Rf1 Bxc3 23. Nxc3 Qxe3+ 24. Qxe3 Nxe3 25. Rf2 Nxg2 26. Kxg2 h5 27. Re1 Bf5 28. Re7 Rg7 29. Rfe2 Rff7 30. Rxf7 Rxf7 31. Re8+ Kg7 32. Kf2 h4 33. Ra8 hxg3+ 34. hxg3 Kf6 35. Rh8 Rh7 36. Rxh7 Bxh7 37. g4 Bd3 38. Ke3 Bc4 39. a3 Bb3 40. Kf3 Bc2 41. Ne4+ Kg6 42. f5+ Kf7 43. Kf4 Bb3 44. Nc3 Bc2 45. g5 Bd3 46. g6+ Kf6 47. Ne4+ Bxe4 48. Kxe4 a4 49. Kd3 Kg7 50. Kc4 c6 51. dxc6 1-0


[Site "https://www.chess.com"]

[Event "Titled Tuesday Blitz July 4 Late 2023"]
[White "Pranav, V"]
[Black "Golubev, Mikhail"]
[WhiteFideId "25060783"]
[BlackFideId "14100983"]
[WhiteElo "2972"]
[BlackElo "2589"]
[Result "0-1"]
[Round "10"]
[TimeControl "180+2"]
[Date "2023.07.04"]
[WhiteClock "0:00:01"]
[BlackClock "0:00:08"]
[Board "18"]

1. e4 c5 2. Nf3 d6 3. d4 cxd4 4. Nxd4 Nf6 5. Nc3 g6 6. Be3 Bg7 7. f3 Nc6 8. Qd2 O-O 9. Bc4 Bd7 10. O-O-O Qa5 11. h4 Rfc8 12. Bb3 Ne5 13. Kb1 b5 14. h5 Nc4 15. Bxc4 bxc4 16. Bh6 Bxh6 17. Qxh6 Rab8 18. Kc1 Rxb2 19. Kxb2 Qb4+ 20. Kc1 Qxc3 21. hxg6 Qa1+ 22. Kd2 Qxd4+ 23. Ke2 Qc3 24. gxf7+ Kxf7 25. g4 Bxg4 26. Rhf1 Qxc2+ 27. Rd2 Qxe4+ 28. Kf2 Qxf3+ 29. Kg1 Qe4 30. Rg2 Rg8 31. Rf4 Qe3+ 32. Kh2 Qe5 33. Kg1 Ke8 34. Rxc4 Rg6 35. Qd2 Qa1+ 36. Rc1 Qe5 37. Re1 Qc5+ 38. Kh2 Qh5+ 39. Kg1 Bf3 40. Rxg6 Qxg6+ 41. Kf1 Ne4 42. Qb2 Qf5 43. Kg1 Qg4+ 44. Kf1 Qh3+ 0-1


[Site "https://www.chess.com"]

[Event "Titled Tuesday Blitz July 4 Late 2023"]
[White "Zhigalko, Sergei"]
[Black "MKlose11"]
[WhiteFideId "13502956"]
[WhiteElo "2880"]
[BlackElo "2660"]
[Result "1-0"]
[Round "10"]
[TimeControl "180+2"]
[Date "2023.07.04"]
[WhiteClock "0:00:34"]
[BlackClock "0:00:10"]
[Board "19"]

1. e4 e6 2. d4 d5 3. e5 c5 4. c3 Nc6 5. Nf3 Bd7 6. Be2 Nge7 7. Na3 cxd4 8. cxd4 Nf5 9. Nc2 Nb4 10. Ne3 Nxe3 11. fxe3 Be7 12. O-O O-O 13. a3 Nc6 14. b4 a6 15. Bd3 Rc8 16. Ra2 Na7 17. Bb1 Bb5 18. Rff2 Qc7 19. Rac2 Ba4 20. Qd3 Bb5 21. Qxh7+ Kxh7 22. Rxc7+ g6 23. Rxc8 Rxc8 24. Bd2 Ba4 25. e4 dxe4 26. Ng5+ Bxg5 27. Bxg5 Kg8 28. Bxe4 Nb5 29. Bxb7 Rc1+ 30. Bxc1 1-0


[Site "https://www.chess.com"]

[Event "Titled Tuesday Blitz July 4 Late 2023"]
[White "Hilary46"]
[Black "Ibarra Jerez, Jose Carlos"]
[BlackFideId "2226332"]
[WhiteElo "2646"]
[BlackElo "2863"]
[Result "1-0"]
[Round "10"]
[TimeControl "180+2"]
[Date "2023.07.04"]
[WhiteClock "0:00:55"]
[BlackClock "0:00:05"]
[Board "20"]

1. e4 c5 2. Nf3 e6 3. d4 cxd4 4. Nxd4 Bc5 5. Nb3 Bb6 6. Nc3 Ne7 7. g3 O-O 8. Bg2 f5 9. O-O Nbc6 10. Qe2 fxe4 11. Nxe4 d5 12. Ng5 e5 13. c4 d4 14. Be4 h6 15. Qh5 Bf5 16. g4 Bxe4 17. Nxe4 Qe8 18. Qxe8 Raxe8 19. Kg2 Ng6 20. f3 Re7 21. Kg3 Bc7 22. Bd2 Ref7 23. Nc1 Bd8 24. Nd3 Bh4+ 25. Kg2 Be7 26. Be1 a5 27. Bg3 Bh4 28. b3 Be7 29. c5 Rd8 30. a3 Bh4 31. b4 Bxg3 32. hxg3 Nce7 33. Nd6 Rf6 34. Nxb7 Rdf8 35. Nxa5 Nd5 36. Nc4 Nc3 37. Rae1 e4 38. fxe4 Nxe4 39. Rxf6 Nxf6 40. Nce5 Ne7 41. b5 Ned5 42. c6 Ne3+ 43. Rxe3 dxe3 44. b6 Nd5 45. b7 Ne7 46. c7 e2 47. b8=Q Nc8 48. Nd7 Re8 49. Nb6 1-0


[Site "https://www.chess.com"]

[Event "Titled Tuesday Blitz July 4 Late 2023"]
[White "Ter-Sahakyan, Samvel"]
[Black "Janaszak, Dawid"]
[WhiteFideId "13302531"]
[BlackFideId "1119206"]
[WhiteElo "2857"]
[BlackElo "2602"]
[Result "1-0"]
[Round "10"]
[TimeControl "180+2"]
[Date "2023.07.04"]
[WhiteClock "0:00:30"]
[BlackClock "0:00:11"]
[Board "21"]

1. d4 d5 2. c4 e6 3. Nf3 c5 4. cxd5 exd5 5. g3 Nc6 6. Bg2 Nf6 7. O-O Be7 8. dxc5 Bxc5 9. a3 O-O 10. b4 Bb6 11. Bb2 Bf5 12. Nc3 Re8 13. Na4 Be4 14. Rc1 Qe7 15. Nc5 Rad8 16. Bxf6 Qxf6 17. Nxb7 Rd7 18. Nc5 Rde7 19. e3 g5 20. Nxe4 dxe4 21. Nd2 Qg6 22. Qc2 Ne5 23. Nxe4 Qh6 24. Nc5 Ng4 25. h3 Nxe3 26. fxe3 Rxe3 27. Qf5 R8e7 28. Rf3 Re2 29. Rcf1 R2e5 30. Qd3 g4 31. hxg4 Re2 32. Rxf7 Rxg2+ 33. Kxg2 Rxf7 34. Qd5 Qg6 35. Rxf7 Qxf7 36. Qxf7+ Kxf7 37. Kf3 Kf6 38. Nd7+ Kg5 39. Nxb6 1-0


[Site "https://www.chess.com"]

[Event "Titled Tuesday Blitz July 4 Late 2023"]
[White "Sousa, Andre Ventura"]
[Black "Grigoriants, Sergey"]
[WhiteFideId "1917617"]
[BlackFideId "4130804"]
[WhiteElo "2596"]
[BlackElo "2854"]
[Result "0-1"]
[Round "10"]
[TimeControl "180+2"]
[Date "2023.07.04"]
[WhiteClock "0:00:33"]
[BlackClock "0:00:28"]
[Board "22"]

1. e4 c5 2. Nf3 Nc6 3. Bb5 g6 4. O-O Bg7 5. Bxc6 dxc6 6. d3 e5 7. Be3 b6 8. a4 Ne7 9. a5 Rb8 10. Nc3 h6 11. Nd2 O-O 12. f4 exf4 13. Bxf4 Rb7 14. Nc4 Be6 15. Nd6 Rd7 16. e5 f6 17. axb6 axb6 18. exf6 Rxf6 19. Nde4 Rf8 20. Qd2 g5 21. Bg3 Nf5 22. Bf2 c4 23. Na4 c5 24. Nxb6 Qxb6 25. Bxc5 Bd4+ 26. Bxd4 Qxd4+ 27. Kh1 Qxe4 28. dxe4 Rxd2 29. exf5 Rxf5 30. Rxf5 Bxf5 31. b3 Be4 32. bxc4 Rxg2 33. h4 g4 34. h5 g3 35. Rf1 Rh2+ 36. Kg1 Rh1# 0-1


[Site "https://www.chess.com"]

[Event "Titled Tuesday Blitz July 4 Late 2023"]
[White "Oro, Faustino"]
[Black "Ozates, Tuna"]
[WhiteFideId "20000197"]
[BlackFideId "6354521"]
[WhiteElo "2807"]
[BlackElo "2580"]
[Result "1-0"]
[Round "10"]
[TimeControl "180+2"]
[Date "2023.07.04"]
[WhiteClock "0:00:48"]
[BlackClock "0:00:04"]
[Board "23"]

1. Nf3 c5 2. e4 Nc6 3. Bb5 g6 4. O-O Bg7 5. c3 Nf6 6. Re1 O-O 7. d4 d5 8. e5 Ne4 9. Nbd2 cxd4 10. cxd4 Bf5 11. Nb3 f6 12. exf6 exf6 13. Bf4 Rc8 14. Rc1 Re8 15. h3 g5 16. Bh2 Bg6 17. Nc5 Nxc5 18. Rxc5 Rxe1+ 19. Qxe1 Be4 20. Qc3 Ne7 21. Bc7 Qf8 22. Bd6 Rd8 23. Bc7 Ra8 24. Nd2 f5 25. Be5 Bxe5 26. dxe5 b6 27. Rc7 Rc8 28. Nb3 f4 29. Nd4 Rxc7 30. Qxc7 Nf5 31. Ne6 Qe7 32. Qc8+ Kf7 33. Bd7 Ne3 34. fxe3 Qb4 35. Qe8# 1-0


[Site "https://www.chess.com"]

[Event "Titled Tuesday Blitz July 4 Late 2023"]
[White "ArtemDyachuk"]
[Black "Rustemov, Alexander"]
[BlackFideId "4119002"]
[WhiteElo "2571"]
[BlackElo "2804"]
[Result "0-1"]
[Round "10"]
[TimeControl "180+2"]
[Date "2023.07.04"]
[WhiteClock "0:01:13"]
[BlackClock "0:01:34"]
[Board "24"]

1. e4 e6 2. d4 d5 3. e5 c5 4. c3 Qb6 5. Nf3 Bd7 6. Be2 cxd4 7. cxd4 Bb5 8. Nc3 Bxe2 9. Qxe2 Nc6 10. O-O Nge7 11. Be3 Nf5 12. Rfd1 Be7 13. a3 O-O 14. b4 Rfc8 15. Rac1 Qd8 16. Qd3 Qd7 17. Ne2 a6 18. Nf4 Na7 19. g4 Nxe3 20. fxe3 Rxc1 21. Rxc1 Rc8 22. Rxc8+ Qxc8 23. h4 Qc1+ 24. Kg2 Nb5 25. a4 Nc3 26. b5 axb5 27. axb5 Qb2+ 28. Kg3 Ne4+ 0-1


[Site "https://www.chess.com"]

[Event "Titled Tuesday Blitz July 4 Late 2023"]
[White "Hambleton, Aman"]
[Black "AdvanceGuard4"]
[WhiteFideId "2606577"]
[WhiteElo "2790"]
[BlackElo "2563"]
[Result "1-0"]
[Round "10"]
[TimeControl "180+2"]
[Date "2023.07.04"]
[WhiteClock "0:00:02"]
[BlackClock "0:00:00"]
[Board "25"]

1. d4 Nf6 2. Bf4 g6 3. Nc3 d5 4. e3 Bg7 5. h4 c5 6. Nb5 Na6 7. c3 Bd7 8. a4 Ne4 9. Nf3 O-O 10. Nd2 Nxd2 11. Qxd2 Re8 12. Be2 e5 13. dxe5 Bxe5 14. Bxe5 Rxe5 15. g3 Bc6 16. O-O Qf6 17. Bg4 Rae8 18. Bh3 d4 19. cxd4 Qf3 20. Kh2 R5e7 21. Rg1 Qf6 22. Bg2 Nb4 23. d5 Rd8 24. e4 Bxb5 25. axb5 a6 26. bxa6 bxa6 27. Rac1 Qd6 28. Qe3 1-0


[Site "https://www.chess.com"]

[Event "Titled Tuesday Blitz July 4 Late 2023"]
[White "Fernandez Guillen, Ernesto J."]
[Black "musclemonster12"]
[WhiteFideId "3512428"]
[WhiteElo "2748"]
[BlackElo "2560"]
[Result "1/2-1/2"]
[Round "10"]
[TimeControl "180+2"]
[Date "2023.07.04"]
[WhiteClock "0:00:29"]
[BlackClock "0:00:17"]
[Board "26"]

1. e4 c5 2. Nf3 d6 3. d4 cxd4 4. Nxd4 Nf6 5. Nc3 Nc6 6. Bc4 Qb6 7. Ndb5 a6 8. Be3 Qa5 9. Nd4 Bd7 10. Nb3 Qc7 11. Bd3 e6 12. f4 b5 13. a3 h5 14. Qf3 Be7 15. h3 h4 16. O-O-O Bc8 17. e5 Nd7 18. Bxb5 axb5 19. Nxb5 Qb7 20. Nxd6+ Bxd6 21. Rxd6 Ne7 22. Qg4 Nf5 23. Rd3 Qe4 24. Re1 Ba6 25. Rc3 O-O 26. Bf2 Qb7 27. Bxh4 Rfc8 28. Rf3 Qc6 29. Rc3 Qa4 30. Bf2 Rxc3 31. bxc3 Qxa3+ 32. Kd2 Rd8 33. Qg5 f6 34. exf6 Nxf6+ 35. Bd4 Bc4 36. g4 Nxd4 37. Nxd4 Rxd4+ 38. cxd4 Qb4+ 39. Kd1 Qb1+ 40. Kd2 Qb4+ 41. Kd1 Qb1+ 42. Kd2 Qb4+ 1/2-1/2


[Site "https://www.chess.com"]

[Event "Titled Tuesday Blitz July 4 Late 2023"]
[White "Ashraf, Artin"]
[Black "ElDivis"]
[WhiteFideId "22514805"]
[WhiteElo "2741"]
[BlackElo "2559"]
[Result "1-0"]
[Round "10"]
[TimeControl "180+2"]
[Date "2023.07.04"]
[WhiteClock "0:00:13"]
[BlackClock "0:00:00"]
[Board "27"]

1. Nf3 d5 2. e3 Nf6 3. c4 g6 4. cxd5 Nxd5 5. d4 Bg7 6. e4 Nb6 7. a4 a5 8. Bb5+ c6 9. Be2 O-O 10. O-O Bg4 11. Nbd2 Na6 12. h3 Be6 13. Nb3 Bc4 14. Be3 Bxe2 15. Qxe2 Nb4 16. Nc5 Rb8 17. Bf4 Bxd4 18. Bxb8 Bxc5 19. Be5 Qd3 20. Qxd3 Nxd3 21. Bc3 Nc4 22. b3 Nd6 23. Nd2 f5 24. exf5 Rxf5 25. Kh2 Nxf2 26. Rae1 Nfe4 27. Nxe4 Nxe4 28. Rxf5 gxf5 29. Be5 Kf7 30. g4 e6 31. Rd1 Ke7 32. Kg2 Bb4 33. Kf3 Nc3 34. Rg1 Nd5 35. gxf5 exf5 36. Rg7+ Ke6 37. Bd4 c5 38. Bb2 b6 39. Rxh7 Bc3 40. Bxc3 Nxc3 41. Rh6+ Kd5 42. Rxb6 c4 43. bxc4+ Kxc4 44. Rc6+ Kb4 45. Rxc3 Kxc3 46. h4 Kd4 47. Kf4 1-0


[Site "https://www.chess.com"]

[Event "Titled Tuesday Blitz July 4 Late 2023"]
[White "only_strong_moves"]
[Black "Matinian, Nikita"]
[BlackFideId "24129100"]
[WhiteElo "2528"]
[BlackElo "2693"]
[Result "0-1"]
[Round "10"]
[TimeControl "180+2"]
[Date "2023.07.04"]
[WhiteClock "0:00:00"]
[BlackClock "0:00:03"]
[Board "28"]

1. d4 Nf6 2. c4 e6 3. Nf3 Bb4+ 4. Bd2 a5 5. a3 Bxd2+ 6. Qxd2 b6 7. Nc3 Bb7 8. Qc2 d5 9. cxd5 exd5 10. g3 c5 11. Bg2 O-O 12. O-O Nc6 13. Rad1 Rc8 14. e3 Qe7 15. Qb1 Rfd8 16. Rfe1 Ne4 17. Na4 Qc7 18. Nd2 cxd4 19. Nxe4 dxe4 20. Bxe4 dxe3 21. Rxe3 Nd4 22. Nc3 f5 23. Bd5+ Bxd5 24. Rxd4 Bb7 25. Qa2+ Kh8 26. Qe6 h6 27. Rxd8+ Rxd8 28. h4 f4 29. Re5 fxg3 30. fxg3 Rd6 31. Qe8+ Kh7 32. Re3 Rf6 33. Qe5 Qc6 34. Ne4 Qc1+ 35. Kh2 Qc2+ 0-1


[Site "https://www.chess.com"]

[Event "Titled Tuesday Blitz July 4 Late 2023"]
[White "Papp, Levente"]
[Black "Molenda, Marcin"]
[WhiteFideId "751243"]
[BlackFideId "1173065"]
[WhiteElo "2690"]
[BlackElo "2520"]
[Result "1-0"]
[Round "10"]
[TimeControl "180+2"]
[Date "2023.07.04"]
[WhiteClock "0:00:06"]
[BlackClock "0:00:04"]
[Board "29"]

1. b3 g6 2. Bb2 Nf6 3. Nf3 Bg7 4. g3 O-O 5. Bg2 c5 6. c4 Nc6 7. O-O d5 8. cxd5 Nxd5 9. Bxg7 Kxg7 10. d4 cxd4 11. Nxd4 Nxd4 12. Qxd4+ Nf6 13. Qb2 Qb6 14. Nc3 Bd7 15. Nd5 Qe6 16. Nc7 Qg4 17. Nxa8 Rxa8 18. Rac1 Bc6 19. Bxc6 bxc6 20. Rxc6 Rd8 21. Rc7 Rd5 22. f3 Qe6 23. Rc4 Qe3+ 24. Rf2 Rd2 25. Qc3 Rd1+ 26. Kg2 Qb6 27. Rf1 Rd6 28. e4 e5 29. Rf2 Nd7 30. Rd2 h5 31. Rxd6 Qxd6 32. Qc2 h4 33. Rc3 Qe6 34. Rc6 h3+ 35. Kf2 Qe7 36. Qc3 Nf8 37. Rc5 Kf6 38. f4 Nd7 39. Rd5 Kg7 40. fxe5 Nf8 41. e6+ Kh7 42. g4 Nxe6 43. Qxh3+ Kg8 44. Qg3 Qb4 45. Qe3 Qa3 46. Rd2 Qa5 47. e5 Qb5 48. h4 Qb4 49. Kg3 Nc5 50. Rd4 Qa3 51. Rc4 Ne6 52. h5 Qb2 53. hxg6 fxg6 54. Rc8+ Kf7 55. Qxa7+ 1-0


[Site "https://www.chess.com"]

[Event "Titled Tuesday Blitz July 4 Late 2023"]
[White "Skatchkov, Valery"]
[Black "Toniutti, Ezio"]
[WhiteFideId "24195812"]
[BlackFideId "113034"]
[WhiteElo "2674"]
[BlackElo "2517"]
[Result "1-0"]
[Round "10"]
[TimeControl "180+2"]
[Date "2023.07.04"]
[WhiteClock "0:00:22"]
[BlackClock "0:00:00"]
[Board "30"]

1. d4 d5 2. c4 c6 3. cxd5 cxd5 4. Bg5 f6 5. Bd2 Nc6 6. Nc3 Be6 7. Nf3 Bf7 8. e4 dxe4 9. Nxe4 Nh6 10. Bd3 Nf5 11. Nxf6+ exf6 12. Bxf5 Bd6 13. O-O O-O 14. Re1 Qb6 15. Bc3 Rad8 16. Qd3 g6 17. Be6 Nb4 18. Qe4 Rfe8 19. d5 Bc5 20. Bxf7+ Kxf7 21. Qh4 h5 22. Rxe8 Rxe8 23. Rd1 Nxa2 24. Bxf6 Qxf6 25. Qc4 Bd6 26. Qxa2 Re2 27. Qxa7 Rxb2 28. h4 Qe7 29. Ng5+ Kg7 30. Ne6+ Kh7 31. Qd4 Re2 32. Ra1 Re5 33. Ng5+ Kh6 34. Qd2 Kg7 35. Ne6+ Kh7 36. g3 Bc5 37. Ra8 1-0


[Site "https://www.chess.com"]

[Event "Titled Tuesday Blitz July 4 Late 2023"]
[White "Mindhunter08"]
[Black "Fisher_TheGalactic"]
[WhiteElo "2436"]
[BlackElo "2668"]
[Result "0-1"]
[Round "10"]
[TimeControl "180+2"]
[Date "2023.07.04"]
[WhiteClock "0:00:07"]
[BlackClock "0:00:08"]
[Board "31"]

1. e4 b6 2. d4 Bb7 3. Bd3 Nf6 4. Nd2 e6 5. Ngf3 d5 6. e5 Nfd7 7. O-O c5 8. c3 Nc6 9. Re1 Be7 10. Nf1 Qc7 11. Be3 c4 12. Bc2 h6 13. Ng3 O-O-O 14. a4 Kb8 15. Nd2 g6 16. b3 cxb3 17. Nxb3 Rc8 18. Bd3 a6 19. Qe2 Ka7 20. Rab1 Ncb8 21. Rec1 Bc6 22. c4 dxc4 23. Bxc4 Qb7 24. f3 Bd5 25. Bd3 Ba3 26. Nc5 Nxc5 27. Rxc5 Nd7 28. Ne4 Nxc5 29. dxc5 Rc6 30. Nd6 Bxc5 31. Nxb7 Bxe3+ 32. Qxe3 Kxb7 33. Be4 Bxe4 34. Qxe4 Rd8 35. Rc1 Rd5 36. Rxc6 Kxc6 37. Qf4 Rd7 38. Qxh6 b5 39. axb5+ axb5 40. Qc1+ Kb6 41. Qe3+ Ka5 42. Qa3+ Kb6 43. Qb4 Rd5 44. h4 Kc6 45. f4 Rc5 46. Qa5 Rc4 47. Qd8 Kc5 48. Qc7+ Kd4 49. Qxf7 b4 50. Qxg6 b3 51. h5 b2 52. Kh2 Rc1 53. Qxe6 b1=Q 54. Qd6+ Ke3 55. h6 Rh1+ 56. Kg3 Qe1+ 57. Kg4 Qh4+ 58. Kf5 Qxf4+ 59. Ke6 Rxh6+ 60. Kd5 Rxd6+ 61. exd6 Qf8 62. g4 Kf4 63. Kc6 Qd8 64. d7 Kxg4 65. Kd6 Kf5 66. Kc6 Ke6 0-1


[Site "https://www.chess.com"]

[Event "Titled Tuesday Blitz July 4 Late 2023"]
[White "Vdovin, Vadim"]
[Black "Stribuk, Artiom"]
[WhiteFideId "24107158"]
[BlackFideId "13515659"]
[WhiteElo "2596"]
[BlackElo "2786"]
[Result "0-1"]
[Round "10"]
[TimeControl "180+2"]
[Date "2023.07.04"]
[WhiteClock "0:00:00"]
[BlackClock "0:00:02"]
[Board "32"]

1. e4 c5 2. Nf3 d6 3. d4 cxd4 4. Nxd4 Nf6 5. Nc3 Nc6 6. f3 e5 7. Nb3 Be7 8. Be3 O-O 9. Qd2 Be6 10. O-O-O a5 11. Bb5 Nb4 12. Kb1 Qc7 13. a3 d5 14. axb4 d4 15. bxa5 dxe3 16. Qxe3 Rxa5 17. Nxa5 Qxa5 18. Nd5 Bxd5 19. exd5 Ra8 20. c4 Bd6 21. Qb3 e4 22. c5 Bxc5 23. d6 e3 24. d7 Rd8 25. Bc4 Kf8 26. Bxf7 e2 27. Rc1 Rxd7 28. Bc4 Rd2 29. Qc3 Bb4 30. Qb3 Bd6 31. Rhe1 Be5 32. Rxe2 Rxe2 33. Bxe2 Qd2 34. Qc2 Qe3 35. Qc8+ Ne8 36. Qc2 Nd6 37. Bc4 Qb6 38. Bd5 g6 39. Re1 Bf6 40. Qb3 Qd4 0-1


[Site "https://www.chess.com"]

[Event "Titled Tuesday Blitz July 4 Late 2023"]
[White "Ovchinnikov, Vsevolod"]
[Black "Raja Rithvik R"]
[WhiteFideId "24176842"]
[BlackFideId "35007394"]
[WhiteElo "2591"]
[BlackElo "2776"]
[Result "0-1"]
[Round "10"]
[TimeControl "180+2"]
[Date "2023.07.04"]
[WhiteClock "0:01:10"]
[BlackClock "0:00:52"]
[Board "33"]

1. d4 d6 2. Nf3 Nf6 3. c4 g6 4. Nc3 Bg7 5. e4 O-O 6. h3 c5 7. d5 e6 8. Nd2 Re8 9. Be2 exd5 10. cxd5 Na6 11. O-O Nc7 12. a4 Rb8 13. Qc2 a6 14. a5 Bd7 15. Nc4 Nb5 16. Bd3 Nd4 17. Qd1 Bb5 18. Re1 Qc7 19. Bf4 Bxc4 20. Bxc4 Nh5 21. Bh2 Be5 22. Bxe5 Rxe5 23. Re3 Rbe8 24. Qd2 Qe7 25. Rae1 Qg5 26. Bf1 Nf3+ 0-1


[Site "https://www.chess.com"]

[Event "Titled Tuesday Blitz July 4 Late 2023"]
[White "Przybylski, Wojciech"]
[Black "Leitao, Rafael"]
[WhiteFideId "1117599"]
[BlackFideId "2101246"]
[WhiteElo "2579"]
[BlackElo "2768"]
[Result "1-0"]
[Round "10"]
[TimeControl "180+2"]
[Date "2023.07.04"]
[WhiteClock "0:00:19"]
[BlackClock "0:00:15"]
[Board "34"]

1. e4 e5 2. Nf3 Nc6 3. Bb5 a6 4. Ba4 d6 5. h3 Bd7 6. O-O Nge7 7. c3 Ng6 8. Re1 Be7 9. Bc2 O-O 10. d3 f5 11. Nbd2 f4 12. d4 Bf6 13. Nf1 Qe8 14. a4 Kh8 15. N1h2 Nge7 16. b3 g5 17. Ba3 h5 18. dxe5 dxe5 19. Nd2 Rd8 20. Qe2 Rg8 21. f3 Ng6 22. Ndf1 Nh4 23. Rad1 Qg6 24. b4 g4 25. fxg4 hxg4 26. hxg4 Bxg4 27. Nxg4 Qxg4 28. Rxd8 Nxd8 29. Qxg4 Rxg4 30. Re2 f3 31. Rf2 Rxg2+ 32. Rxg2 Nxg2 33. Bd1 Nh4 34. Nh2 Bg5 35. Nxf3 Nxf3+ 36. Bxf3 Ne6 37. Bb2 Kg7 38. Be2 Kf6 39. Kf2 Nf4 40. Bf1 Ne6 41. Ke2 Nf4+ 42. Kf3 Ne6 43. a5 Bd2 44. Ke2 Bh6 45. Kd3 Nf4+ 46. Kc4 Ke6 47. Bc1 Kd6 48. Be3 c6 49. Bc5+ Kc7 50. Bb6+ Kd6 51. Ba7 Kc7 52. Be3 Bg5 53. Bc5 Bh4 54. Bf8 Bf6 55. Bc5 Bg7 56. Kb3 Bf6 57. c4 Ne6 58. Be3 Bg5 59. Bf2 Nd4+ 60. Kc3 Bf6 61. Bh3 Nf3 62. Bg4 Nd4 63. Kd3 Be7 64. Be1 Bf6 65. Bh5 Be7 66. Bc3 Bf6 67. Bg4 Bg7 68. Bh5 Bf6 69. Bg6 Bg7 70. Bf7 Bf6 71. Be8 Bg7 72. Bg6 Bf6 73. Bh5 Bg7 74. Bd2 Bf6 75. Be1 Kd6 76. Bg3 Kc7 77. c5 Bg7 78. Kc4 Bf6 79. Bh2 Bg7 80. Bg3 Bf6 81. Bg6 Bg7 82. Bf7 Bf6 83. Kd3 Bg7 84. Bh4 Kd7 85. Bg5 Kc7 86. Bg8 Kd7 87. Bh7 Kc7 88. Bf5 Bf8 89. Bf6 Nb5 90. Bxe5+ Kd8 91. Be6 Be7 92. Bf4 Bf6 93. Bb3 Ke7 94. e5 Bg7 95. Bc4 Nc7 96. Ke4 Ne6 97. Bg3 Kf7 98. Kf5 Ke7 99. Bxe6 Bh6 100. Bh4+ Ke8 101. Bc8 1-0


[Site "https://www.chess.com"]

[Event "Titled Tuesday Blitz July 4 Late 2023"]
[White "Francisco Guecamburu, Candela Be"]
[Black "Tristan, Leonardo"]
[WhiteFideId "160911"]
[BlackFideId "113816"]
[WhiteElo "2562"]
[BlackElo "2764"]
[Result "0-1"]
[Round "10"]
[TimeControl "180+2"]
[Date "2023.07.04"]
[WhiteClock "0:00:01"]
[BlackClock "0:00:58"]
[Board "35"]

1. e4 d5 2. exd5 Qxd5 3. Nc3 Qa5 4. d4 Nf6 5. Bc4 Bg4 6. Ne2 Nc6 7. Bd2 O-O-O 8. Nd5 Qa4 9. b3 Qa3 10. Bc1 Qd6 11. Bf4 e5 12. dxe5 Nxe5 13. Ndc3 Qxd1+ 14. Rxd1 Rxd1+ 15. Nxd1 Nxc4 16. bxc4 Bb4+ 17. c3 Ba5 18. f3 Be6 19. Ne3 Nd7 20. Kf2 Nc5 21. Rd1 Re8 22. Nd5 Bf5 23. Nc1 c6 24. Ne3 Be6 25. Bd6 Bb6 26. Kg3 Na4 27. Rd3 Nb2 28. Rd2 Bxe3 0-1


[Site "https://www.chess.com"]

[Event "Titled Tuesday Blitz July 4 Late 2023"]
[White "Arencibia Monduy, Antonio"]
[Black "Weetik, Vjacheslav"]
[WhiteFideId "3507939"]
[BlackFideId "4153472"]
[WhiteElo "2547"]
[BlackElo "2727"]
[Result "1/2-1/2"]
[Round "10"]
[TimeControl "180+2"]
[Date "2023.07.04"]
[WhiteClock "0:00:00"]
[BlackClock "0:00:04"]
[Board "36"]

1. e4 c6 2. d3 d5 3. Qe2 dxe4 4. dxe4 e5 5. Nf3 f6 6. Be3 Be6 7. c3 Nd7 8. Qc2 Bc5 9. Bxc5 Nxc5 10. Nbd2 Ne7 11. b4 Nd7 12. Bc4 Bxc4 13. Nxc4 Qc7 14. Rd1 O-O 15. Qb3 Kh8 16. Nd6 h6 17. Qe6 Nb6 18. Nh4 Kh7 19. Ndf5 Nxf5 20. Qxf5+ Kg8 21. O-O Qf7 22. a4 Rad8 23. a5 Nc4 24. Qg4 Kh7 25. Qf5+ g6 26. Qg4 h5 27. Qg3 Nd2 28. Rfe1 Nxe4 29. Qe3 Nd6 30. Qxa7 Nc4 31. Rxd8 Rxd8 32. a6 Rd7 33. axb7 Rxb7 34. Qc5 Qd5 35. Qxd5 cxd5 36. Rd1 Ra7 37. h3 Ra3 38. Rxd5 Rxc3 39. Rd7+ Kh6 40. Rc7 e4 41. g3 Rc2 42. Ng2 e3 43. fxe3 Nxe3 44. Rxc2 Nxc2 45. b5 Nb4 46. Kf2 Kg5 47. Ke3 Kf5 48. Kd4 Ke6 49. Kc5 Nd3+ 50. Kc6 Ne5+ 51. Kc7 Nc4 52. Nf4+ Kf5 53. Kc6 Ke4 54. Kc5 Na5 55. Nxg6 Kf3 56. Nf4 Kxg3 57. Nxh5+ Kxh3 58. Nxf6 Kg3 59. Ne4+ Kf4 60. Nd6 Ke5 61. b6 Ke6 1/2-1/2


[Site "https://www.chess.com"]

[Event "Titled Tuesday Blitz July 4 Late 2023"]
[White "Erenberg, Ariel"]
[Black "Rodriguez, Santiago"]
[WhiteFideId "2811634"]
[BlackFideId "3000591"]
[WhiteElo "2711"]
[BlackElo "2546"]
[Result "1-0"]
[Round "10"]
[TimeControl "180+2"]
[Date "2023.07.04"]
[WhiteClock "0:00:28"]
[BlackClock "0:00:00"]
[Board "37"]

1. b3 Nf6 2. Bb2 g6 3. Nf3 Bg7 4. g3 O-O 5. Bg2 c6 6. O-O d5 7. c4 Bg4 8. d3 Nbd7 9. Nbd2 Re8 10. h3 Bxf3 11. Nxf3 e5 12. Rc1 e4 13. Nd4 Ne5 14. cxd5 cxd5 15. Qd2 Qb6 16. Rc2 h5 17. Rfc1 h4 18. g4 Qd6 19. Nb5 Qb6 20. Nc7 Nexg4 21. hxg4 Nxg4 22. e3 Qd6 23. Nxe8 Qh2+ 24. Kf1 h3 25. Bxe4 dxe4 26. dxe4 Qg2+ 27. Ke2 Qxf2+ 28. Kd3 Rd8+ 29. Bd4 Bxd4 30. Qxf2 Bxe3+ 31. Ke2 Bxf2 32. Kf3 Rxe8 33. Kxg4 Be3 34. Re1 1-0


[Site "https://www.chess.com"]

[Event "Titled Tuesday Blitz July 4 Late 2023"]
[White "Aggelis, Nikolaos"]
[Black "Goryachkina, Aleksandra"]
[WhiteFideId "4213220"]
[BlackFideId "4147103"]
[WhiteElo "2542"]
[BlackElo "2707"]
[Result "1/2-1/2"]
[Round "10"]
[TimeControl "180+2"]
[Date "2023.07.04"]
[WhiteClock "0:01:29"]
[BlackClock "0:01:18"]
[Board "38"]

1. c4 Nf6 2. g3 e6 3. Bg2 d5 4. Nf3 dxc4 5. Qa4+ c6 6. Qxc4 b5 7. Qc2 Bb7 8. d4 Nbd7 9. Ne5 Nxe5 10. dxe5 Nd7 11. Nc3 Rc8 12. O-O Be7 13. Rd1 Qc7 14. Ne4 Nxe5 15. b4 Nc4 16. a4 O-O 17. Bf4 e5 18. Bg5 Bxb4 19. Nf6+ gxf6 20. Qf5 1/2-1/2


[Site "https://www.chess.com"]

[Event "Titled Tuesday Blitz July 4 Late 2023"]
[White "Yeritsyan, Hayk"]
[Black "Papasimakopoulos, Alexandros"]
[WhiteFideId "13307320"]
[BlackFideId "4244125"]
[WhiteElo "2504"]
[BlackElo "2684"]
[Result "1-0"]
[Round "10"]
[TimeControl "180+2"]
[Date "2023.07.04"]
[WhiteClock "0:00:17"]
[BlackClock "0:01:51"]
[Board "39"]

1. d4 c5 2. c3 d5 3. Nf3 Nc6 4. e3 Bg4 5. Nbd2 e6 6. Qc2 Nf6 7. Qa4 Bxf3 8. Nxf3 Bd6 9. Bd3 O-O 10. dxc5 Bxc5 11. e4 dxe4 12. Bxe4 Nxe4 13. Qxe4 Qd5 14. Qe2 Rad8 15. O-O Qd3 16. Qxd3 Rxd3 17. Re1 Rfd8 18. Be3 Bxe3 19. Rxe3 Rxe3 20. fxe3 Kf8 21. Kf2 Ke7 22. Ke2 e5 23. e4 g6 24. Rd1 Rxd1 25. Kxd1 f5 26. Nd2 Kd6 27. Ke2 b5 28. Kd3 f4 29. a3 g5 30. h3 h5 31. Nf3 g4 32. hxg4 hxg4 33. Nh4 a5 34. b3 g3 35. Nf3 Nd8 36. c4 Ne6 37. b4 axb4 38. axb4 Nc7 39. cxb5 Nxb5 40. Kc4 Nd4 41. Ne1 Kc6 42. Nd3 f3 43. Nxe5+ Kd6 44. Kxd4 f2 45. Nc4+ Kc6 46. Ne3 Kb5 47. Nf1 Kxb4 48. Ke3 Kc5 49. Nxg3 f1=Q 50. Nxf1 Kd6 51. Nd2 Ke5 52. Kf3 Kf6 53. Kf4 Kg7 54. e5 Kf7 55. Kf5 Kf8 56. e6 Kg8 57. Kf6 Kf8 58. e7+ Ke8 59. Nf1 Kd7 60. Kf7 1-0


[Site "https://www.chess.com"]